PCL
FRESNO GRIZZLIES @ TACOMA RAINIERS
05/30/2099
 
TOP OF THE 1ST
Fresno Grizzlies batting - Pitching for Tacoma Rainiers : RHP Chris Bell
Pitching: RHP Chris Bell
Batting: RHB Sterling Lentz 0-0: Ball
1-0: Foul Ball, location: 5F
1-1: Foul Ball, location: 9LMF
1-2: Foul Ball, location: 9LSF
1-2: Foul Ball, location: 5F
1-2: Strikes out looking
Batting: RHB Steve MacInnis 0-0: Ball
1-0: Ground out 5-3 (Groundball, 56S, EV 88.8 MPH)
Batting: RHB Travis Braga 0-0: Ball
1-0: Ball
2-0: Ball
3-0: Called Strike
3-1: Foul Ball, location: 23FF
3-2: Fly out, F4 (Popup, 34D, EV 64.4 MPH)
Top of the 1st over - 0 runs, 0 hits, 0 errors, 0 left on base; Fresno 0 - Tacoma 0
BOTTOM OF THE 1ST
Tacoma Rainiers batting - Pitching for Fresno Grizzlies : RHP Antenor Palhares
Pitching: RHP Antenor Palhares
Batting: RHB Sean Boyd 0-0: Foul Ball, location: 9LSF
0-1: Ball
1-1: Swinging Strike
1-2: Ball
2-2: SINGLE (Line Drive, 4M, EV 95.6 MPH)
Batting: RHB John Ramirez 0-0: Ball
1-0: Called Strike
1-1: Called Strike
1-2: Grounds into double play, 6-4-3 (Groundball, 56, EV 93.1 MPH)
Batting: LHB Jesus Flores 0-0: Ball
1-0: Swinging Strike
1-1: Swinging Strike
1-2: Foul Ball, location: 2F
1-2: Ball
2-2: Strikes out swinging
Bottom of the 1st over - 0 runs, 1 hit, 0 errors, 0 left on base; Fresno 0 - Tacoma 0
TOP OF THE 2ND
Fresno Grizzlies batting - Pitching for Tacoma Rainiers : RHP Chris Bell
Batting: RHB Matt Carocci 0-0: Called Strike
0-1: Foul Ball, location: 5FF
0-2: Strikes out swinging
Batting: RHB Tony Tenesaca 0-0: Ball
1-0: SINGLE (Groundball, 4MD, EV 102.5 MPH)
Batting: RHB Angel Perez 0-0: Ball
1-0: Ball
2-0: Called Strike
2-1: Fly out, F6 (Popup, P, EV 76.9 MPH)
Batting: LHB Steve Kuhlman 0-0: Foul Ball, location: 2F
0-1: Swinging Strike
0-2: Foul Ball, location: 2F
0-2: Ball
1-2: Strikes out swinging
Top of the 2nd over - 0 runs, 1 hit, 0 errors, 1 left on base; Fresno 0 - Tacoma 0
BOTTOM OF THE 2ND
Tacoma Rainiers batting - Pitching for Fresno Grizzlies : RHP Antenor Palhares
Batting: RHB Dan Shell 0-0: Foul Ball, location: 5FF
0-1: Foul Ball, location: 23F
0-2: Ball
1-2: Ball
2-2: Ball
3-2: SOLO HOME RUN (Flyball, 89XD, EV 103.1 MPH), Distance : 403 ft
Batting: RHB Alan Burdett 0-0: Foul Ball, location: 23F
0-1: Swinging Strike
0-2: Strikes out swinging
Batting: RHB Rick Norman 0-0: Called Strike
0-1: Ball
1-1: Fly out, F8 (Flyball, 8RXD, EV 103.8 MPH)
Batting: LHB Ben Foster 0-0: Ball
1-0: Foul Ball, location: 2F
1-1: Swinging Strike
1-2: Ball
2-2: Ground out 3-1 (Groundball, 34S, EV 82.5 MPH)
Bottom of the 2nd over - 1 run, 1 hit, 0 errors, 0 left on base; Fresno 0 - Tacoma 1
TOP OF THE 3RD
Fresno Grizzlies batting - Pitching for Tacoma Rainiers : RHP Chris Bell
Batting: RHB Agustin Vargas 0-0: Called Strike
0-1: DOUBLE (Line Drive, 7LD, EV 111.3 MPH)
Batting: RHB Michael Harrison 0-0: Ground out U3 (Groundball, 34, EV 85.0 MPH)
Agustin Vargas to third
Batting: RHB Sterling Lentz 0-0: Foul Ball, location: 2F
0-1: Fly out, F7 (Flyball, 7D, EV 108.8 MPH)
Batting: RHB Steve MacInnis 0-0: Called Strike
0-1: Reached on error, E4 (Groundball, 4M, EV 106.9 MPH)
Agustin Vargas scores
Batting: RHB Travis Braga 0-0: Ball
1-0: Foul Ball, location: 9LMF
1-1: Foul Ball, location: 2F
1-2: Foul Ball, location: 7LSF
1-2: Ground out 5-3 (Groundball, 56S, EV 73.1 MPH)
Top of the 3rd over - 1 run, 1 hit, 1 error, 1 left on base; Fresno 1 - Tacoma 1
BOTTOM OF THE 3RD
Tacoma Rainiers batting - Pitching for Fresno Grizzlies : RHP Antenor Palhares
Batting: RHB Andy Mason 0-0: Swinging Strike
0-1: Foul Ball, location: 5FF
0-2: Strikes out swinging
Batting: RHB Jason Sweeney 0-0: Ball
1-0: Swinging Strike
1-1: Ball
2-1: Fly out, F7 (Line Drive, 7, EV 108.1 MPH)
Batting: RHB Sean Boyd 0-0: Ball
1-0: Ball
2-0: Ball
3-0: Called Strike
3-1: Called Strike
3-2: Reached on error, E6 (Groundball, 4MS, EV 80.0 MPH)
Batting: RHB John Ramirez 0-0: Ball
Sean Boyd steals 2nd base
1-0: Ball
2-0: Called Strike
2-1: Foul Ball, location: 2F
2-2: Strikes out swinging, 2-3 out at first.
Bottom of the 3rd over - 0 runs, 0 hits, 1 error, 1 left on base; Fresno 1 - Tacoma 1
TOP OF THE 4TH
Fresno Grizzlies batting - Pitching for Tacoma Rainiers : RHP Chris Bell
Batting: RHB Matt Carocci 0-0: Ball
1-0: Ground out 6-3 (Groundball, 6M, EV 86.9 MPH)
Batting: RHB Tony Tenesaca 0-0: Foul Ball, location: 2F
0-1: Swinging Strike
0-2: Strikes out swinging
Batting: RHB Angel Perez 0-0: Swinging Strike
0-1: Foul Ball, location: 2F
0-2: Fly out, F9 (Flyball, 9, EV 83.1 MPH)
Top of the 4th over - 0 runs, 0 hits, 0 errors, 0 left on base; Fresno 1 - Tacoma 1
BOTTOM OF THE 4TH
Tacoma Rainiers batting - Pitching for Fresno Grizzlies : RHP Antenor Palhares
Batting: LHB Jesus Flores 0-0: SINGLE (Groundball, 4M, EV 81.3 MPH) (infield hit)
Pinch Runner at 1st Elijah Bonner:
Batting: RHB Dan Shell 0-0: Foul Ball, location: 9LDF
0-1: Swinging Strike
0-2: Foul Ball, location: 7LMF
0-2: Ball
1-2: Foul Ball, location: 9LSF
1-2: Grounds into double play, 5-4-3 (Groundball, 56, EV 105.6 MPH)
Batting: RHB Alan Burdett 0-0: Ball
1-0: Swinging Strike
1-1: Foul Ball, location: 5F
1-2: Ball
2-2: SINGLE (Line Drive, 34, EV 95.0 MPH)
Batting: RHB Rick Norman 0-0: Called Strike
Alan Burdett steals 2nd base
0-1: Foul Ball, location: 3F
0-2: Ball
1-2: Fly out, F9 (Flyball, 9LM, EV 102.5 MPH)
Bottom of the 4th over - 0 runs, 2 hits, 0 errors, 1 left on base; Fresno 1 - Tacoma 1
TOP OF THE 5TH
Fresno Grizzlies batting - Pitching for Tacoma Rainiers : RHP Chris Bell
Now in LF: Mickey Montierth
Now in RF: Dan Shell
Batting: LHB Steve Kuhlman 0-0: Called Strike
0-1: Ball
1-1: Ball
2-1: Ball
3-1: Base on Balls
Batting: RHB Agustin Vargas 0-0: Grounds into double play, 6-4-3 (Groundball, 6, EV 93.8 MPH)
Batting: RHB Michael Harrison 0-0: Ball
1-0: Called Strike
1-1: Called Strike
1-2: Strikes out swinging
Top of the 5th over - 0 runs, 0 hits, 0 errors, 0 left on base; Fresno 1 - Tacoma 1
BOTTOM OF THE 5TH
Tacoma Rainiers batting - Pitching for Fresno Grizzlies : RHP Antenor Palhares
Batting: LHB Ben Foster 0-0: Ball
1-0: Ball
2-0: Called Strike
2-1: Called Strike
2-2: Ball
3-2: Strikes out swinging
Batting: RHB Andy Mason 0-0: Called Strike
0-1: Ball
1-1: Called Strike
1-2: Foul Ball, location: 9LDF
1-2: Strikes out looking
Batting: RHB Jason Sweeney 0-0: Swinging Strike
0-1: Ball
1-1: Swinging Strike
1-2: Foul Ball, location: 9LSF
1-2: Ball
2-2: Foul Ball, location: 2F
2-2: Ball
3-2: Foul Ball, location: 2F
3-2: Foul Ball, location: 2F
3-2: Strikes out looking
Bottom of the 5th over - 0 runs, 0 hits, 0 errors, 0 left on base; Fresno 1 - Tacoma 1
TOP OF THE 6TH
Fresno Grizzlies batting - Pitching for Tacoma Rainiers : RHP Chris Bell
Batting: RHB Sterling Lentz 0-0: Ball
1-0: Foul Ball, location: 2F
1-1: Ball
2-1: Fly out, F8 (Flyball, 8LXD, EV 106.3 MPH)
Batting: RHB Steve MacInnis 0-0: Ground out 5-3 (Groundball, 56, EV 102.5 MPH)
Batting: RHB Travis Braga 0-0: Called Strike
0-1: Foul Ball, location: 2F
0-2: Ball
1-2: Ball
2-2: Foul Ball, location: 9LSF
2-2: Fly out, F9 (Flyball, 9D, EV 80.6 MPH)
Top of the 6th over - 0 runs, 0 hits, 0 errors, 0 left on base; Fresno 1 - Tacoma 1
BOTTOM OF THE 6TH
Tacoma Rainiers batting - Pitching for Fresno Grizzlies : RHP Antenor Palhares
Batting: RHB Sean Boyd 0-0: Ball
1-0: Ball
2-0: Swinging Strike
2-1: Ball
3-1: Base on Balls
Batting: RHB John Ramirez 0-0: Ball
1-0: Called Strike
1-1: SINGLE (Groundball, 56, EV 108.1 MPH)
Sean Boyd to second
Runner from 2nd tries for 3rd, SAFE, no throw by LF
Batting: SHB Mickey Montierth 0-0: Ball
1-0: Foul Ball, location: 25F
1-1: Fly out, F8 (Line Drive, 8LD, EV 98.8 MPH)
Runner from 3rd tags up, OUT at HOME! 8-2
John Ramirez to second
Batting: RHB Dan Shell 0-0: Fly out, F7 (Flyball, 7D, EV 94.4 MPH)
Bottom of the 6th over - 0 runs, 1 hit, 0 errors, 1 left on base; Fresno 1 - Tacoma 1
TOP OF THE 7TH
Fresno Grizzlies batting - Pitching for Tacoma Rainiers : RHP Chris Bell
Batting: RHB Matt Carocci 0-0: Called Strike
0-1: Foul Ball, location: 3F
0-2: Ball
1-2: Ball
2-2: Ball
3-2: Ground out 6-3 (Groundball, 56, EV 90.6 MPH)
Batting: RHB Tony Tenesaca 0-0: Called Strike
0-1: Called Strike
0-2: Foul Ball, location: 3DF
0-2: Fly out, F8 (Flyball, 78M, EV 76.3 MPH)
Batting: RHB Angel Perez 0-0: SINGLE (Line Drive, 56D, EV 95.6 MPH)
Batting: LHB Steve Kuhlman 0-0: Called Strike
0-1: Fly out, F8 (Flyball, 8LD, EV 95.0 MPH)
Top of the 7th over - 0 runs, 1 hit, 0 errors, 1 left on base; Fresno 1 - Tacoma 1
BOTTOM OF THE 7TH
Tacoma Rainiers batting - Pitching for Fresno Grizzlies : RHP Antenor Palhares
Batting: RHB Alan Burdett 0-0: Foul Ball, location: 9LMF
0-1: Ball
1-1: Fly out, F8 (Flyball, 8LM, EV 79.4 MPH)
Batting: RHB Rick Norman 0-0: Ball
1-0: Ball
2-0: SINGLE (Groundball, 4D, EV 105.6 MPH)
Batting: LHB Ben Foster 0-0: Called Strike
0-1: Ball
1-1: Swinging Strike
1-2: Fielders Choice at 2nd, 4-6 (Groundball, 4, EV 85.0 MPH)
Batting: RHB Andy Mason 0-0: Called Strike
Ben Foster steals 2nd base
0-1: Ball
1-1: Fly out, F9 (Flyball, 9, EV 72.5 MPH)
Bottom of the 7th over - 0 runs, 1 hit, 0 errors, 1 left on base; Fresno 1 - Tacoma 1
TOP OF THE 8TH
Fresno Grizzlies batting - Pitching for Tacoma Rainiers : RHP Chris Bell
Pitching: RHP David Morse
Batting: RHB Agustin Vargas 0-0: Fly out, F6 (Popup, 6M, EV 59.4 MPH)
Batting: RHB Michael Harrison 0-0: Ball
1-0: Called Strike
1-1: SINGLE (Line Drive, 6D, EV 98.8 MPH)
Batting: RHB Sterling Lentz 0-0: Called Strike
0-1: Called Strike
0-2: Strikes out swinging
Pinch Hitting: LHB Marc Helms 0-0: Called Strike
0-1: 2-RUN HOME RUN (Flyball, 89XD, EV 103.8 MPH), Distance : 405 ft
Batting: RHB Travis Braga 0-0: Swinging Strike
0-1: Foul Ball, location: 2F
0-2: Ball
1-2: Strikes out looking
Top of the 8th over - 2 runs, 2 hits, 0 errors, 0 left on base; Fresno 3 - Tacoma 1
BOTTOM OF THE 8TH
Tacoma Rainiers batting - Pitching for Fresno Grizzlies : RHP Antenor Palhares
Pitching: RHP Gene Kaiser
Now at 1B: Marc Helms
Now at 2B: Dan Shannon
Batting: RHB Jason Sweeney 0-0: Ground out 5-3 (Groundball, 56, EV 88.1 MPH)
Batting: RHB Sean Boyd 0-0: Ground out 6-3 (Groundball, 6M, EV 85.6 MPH)
Batting: RHB John Ramirez 0-0: Ball
1-0: Ball
2-0: Ground out 5-3 (Groundball, 5L, EV 88.1 MPH)
Bottom of the 8th over - 0 runs, 0 hits, 0 errors, 0 left on base; Fresno 3 - Tacoma 1
TOP OF THE 9TH
Fresno Grizzlies batting - Pitching for Tacoma Rainiers : RHP David Morse
Batting: RHB Matt Carocci 0-0: SOLO HOME RUN (Flyball, 9LD, EV 94.4 MPH), Distance : 335 ft
Batting: RHB Tony Tenesaca 0-0: Ball
1-0: Ball
2-0: Swinging Strike
2-1: Foul Ball, location: 25F
2-2: Foul Ball, location: 2F
2-2: Strikes out swinging
Batting: RHB Angel Perez 0-0: Called Strike
0-1: Foul Ball, location: 9LMF
0-2: Foul Ball, location: 3SF
0-2: Ball
1-2: Fly out, F8 (Flyball, 8RM, EV 86.9 MPH)
Batting: RHB Dan Shannon 0-0: Foul Ball, location: 2RF
0-1: Swinging Strike
0-2: Ball
1-2: Strikes out swinging
Top of the 9th over - 1 run, 1 hit, 0 errors, 0 left on base; Fresno 4 - Tacoma 1
BOTTOM OF THE 9TH
Tacoma Rainiers batting - Pitching for Fresno Grizzlies : RHP Gene Kaiser
Batting: SHB Mickey Montierth 0-0: Ball
1-0: Ground out U3 (Groundball, 3, EV 86.9 MPH)
Batting: RHB Dan Shell 0-0: Ball
1-0: Called Strike
1-1: Ball
2-1: Ball
3-1: Called Strike
3-2: DOUBLE (Line Drive, 78D, EV 100.0 MPH)
Batting: RHB Alan Burdett 0-0: Ball
1-0: Ground out 4-3 (Groundball, 4, EV 85.6 MPH)
Dan Shell to third
Batting: RHB Rick Norman 0-0: Called Strike
0-1: Foul Ball, location: 9LMF
0-2: Ball
1-2: Strikes out swinging
Bottom of the 9th over - 0 runs, 1 hit, 0 errors, 1 left on base; Fresno 4 - Tacoma 1
Tuesday, May 7th , 2024 - OOTP Baseball 24.11 Build 85